 Dungeon Crawl Stone Soup version 0.29-a0-559-g359e09b9d1 (webtiles) character file.

Game seed: 12729451266989336270

5939 spaghetti the Warrior (level 10, -7/144 HPs)
             Began as a Demonspawn Berserker on June 10, 2022.
             Was a Priest of Trog.
             Killed by divine providence
             ... invoked by a meliai
              (12 damage)
             ... on level 9 of the Dungeon.
             The game lasted 00:12:18 (9780 turns).

spaghetti the Warrior (Demonspawn Berserker)        Turns: 9780, Time: 00:12:19

Health: -7/144     AC: 25    Str: 22    XL:     10   Next: 54%
Magic:  10/10      EV:  2    Int:  6    God:    Trog [***...]
Gold:   396        SH:  0    Dex: 19    Spells: 9/9 levels left

rFire   . . .      SeeInvis .   W - +9 spear "Trog's Hatred" {elec, Drain rN+ Dex+7, polearm}
rCold   . . .      Faith    .   (no shield)
rNeg    + . .      Spirit   .   (body armour currently unavailable)
rPois   +          Reflect  .   (helmet currently unavailable)
rElec   .          Harm     .   (cloak currently unavailable)
rCorr   .          Rampage  .   (gloves currently unavailable)
Will    ++...      NoTele   +   (boots currently unavailable)
Stlth   ++........              H - amulet of the acrobat
HPRegen 1.34/turn               F - ring "Ovuuphiod" {Fly EV+4 Int-3 Slay+2}
MPRegen 0.12/turn               (no ring)

@: lethally poisoned (-7 -> -9), tree-form, strong-willed, on berserk cooldown,
regenerating, slowed, very slow
A: stationary, stasis, torment immunity, boosted hp, (icy blue scales 2), foul
stench 1, powered by death 1, (demonic touch 1)
a: Renounce Religion, Berserk, Trog's Hand


You were on level 9 of the Dungeon.
You worshipped Trog.
Trog was most pleased with you.
You were a tree.
You visited 1 branch of the dungeon, and saw 9 of its levels.

You collected 396 gold pieces.


Innate Abilities, Weirdness & Mutations

You are a tree.
Your roots penetrate the ground, keeping you stationary.
You cannot be teleported.
You are immune to unholy pain and torment.
Your maximum health is greatly increased.
Your equipment is partially melded.
((You are mostly covered in icy blue scales. (AC +3)))
You may rarely emit foul miasma when damaged in melee.
You regenerate a little health from kills.
((Your touch may inflict minor irresistible damage on your foes.))


   Skills:
 - Level 15.0 Fighting
 - Level 2.6(4.1) Axes
 + Level 4.8(5.2) Polearms
 - Level 1.7 Armour
 - Level 1.7 Dodging


You had 9 spell levels left.
You didn't know any spells.
Your spell library contained the following spells:

 Spells                   Type           Power      Damage    Failure   Level
 Foxfire                  Conj/Fire      0%         2x1d4     45%         1
 Freeze                   Ice            0%         1d3       45%         1
 Magic Dart               Conj           0%         1d3       45%         1
 Shock                    Conj/Air       0%         1d3       45%         1
 Slow                     Hex            0%         N/A       45%         1
 Summon Small Mammal      Summ           0%         N/A       45%         1
 Searing Ray              Conj           0%         2d4       58%         2
 Call Canine Familiar     Summ           0%         N/A       83%         3
 Confusing Touch          Hex            0%         N/A       83%         3
 Conjure Flame            Conj/Fire      0%         6-21      83%         3
 Frozen Ramparts          Ice            0%         1d2       83%         3
 Inner Flame              Hex/Fire       0%         N/A       83%         3
 Summon Guardian Golem    Hex/Summ       0%         N/A       83%         3
 Swiftness                Air            0%         N/A       83%         3
 Tukima's Dance           Hex            0%         N/A       83%         3
 Vampiric Draining        Necr           0%         2d6       83%         3
 Airstrike                Air            0%         N/A       99%         4
 Flame Wave               Conj/Fire      0%         2d4       99%         4
 Fulminant Prism          Conj/Hex       0%         3d6       99%         4
 Hailstorm                Conj/Ice       0%         3d3       99%         4
 Passage of Golubria      Tloc           0%         N/A       99%         4
 Summon Lightning Spire   Summ/Air       0%         N/A       99%         4
 Lightning Bolt           Conj/Air       0%         1d11      100%        5
 Yara's Violent Unravell  Hex/Tmut       0%         3d3       100%        5

Inventory:

Hand Weapons
 a - a +0 hand axe {axe}
 g - a +2 dagger of venom {short}
   (You took it off a goblin on level 1 of the Dungeon)
 D - the +2 dagger of Pyromania {freeze, Str+8, short}
   (You took it off an orc on level 5 of the Dungeon)

   It freezes those it strikes, dealing additional cold damage.
   It can also slow down cold-blooded creatures.
   Str:       It affects your strength (+8).
 M - a +6 quarterstaff of chaos {staff}
   (You took it off Crazy Yiuf on level 5 of the Dungeon)
 R - the +7 falchion "Zegeitos" {pain, rElec rF+ rC- Will+, forbiddenlong}
   (You found it on level 6 of the Dungeon)

   In the hands of one skilled in necromantic magic, it inflicts extra damage on
   living creatures.
   rF:        It protects you from fire.
   rC:        It makes you vulnerable to cold.
   rElec:     It insulates you from electricity.
   Will:      It increases your willpower.
   Trog disapproves of the use of such an item.
 W - the +9 spear "Trog's Hatred" (weapon) {elec, Drain rN+ Dex+7, polearm}
   (You found it on level 8 of the Dungeon)

   It occasionally discharges a powerful burst of electricity upon striking a
   foe.
   Dex:       It affects your dexterity (+7).
   rN:        It protects you from negative energy.
   Drain:     It drains your maximum health when unequipped.
Missiles
 h - a throwing net {=f!fthrowing}
 i - 201 stones (quivered) {throwing}
 C - 4 javelins {throwing}
 I - 15 poisoned darts {throwing}
 O - 18 boomerangs {throwing}
 U - a curare-tipped dart {=fthrowing}
Armour
 b - a +0 animal skin
 G - a +2 robe of willpower (melded)
   (You took it off Dowan on level 5 of the Dungeon)
 N - a +0 cloak (melded)
   (You took it off Crazy Yiuf on level 5 of the Dungeon)
Jewellery
 v - a ring of protection from fire
   (You found it on level 3 of the Dungeon)
 z - a ring of fire
   (You took it off a goblin on level 4 of the Dungeon)
 F - the ring "Ovuuphiod" (left branch) {Fly EV+4 Int-3 Slay+2}
   (You found it on level 5 of the Dungeon)

   [ring of evasion]

   EV:        It affects your evasion (+4).
   Int:       It affects your intelligence (-3).
   Slay:      It affects your accuracy & damage with ranged weapons and melee
   (+2).
   Fly:       It grants you flight.
 H - an amulet of the acrobat (around neck)
   (You found it on level 5 of the Dungeon)
 S - a ring of fire
   (You found it on level 6 of the Dungeon)
Wands
 u - a wand of iceblast (33)
   (You found it on level 3 of the Dungeon)
 Q - a wand of flame (19)
   (You found it on level 6 of the Dungeon)
 T - a wand of paralysis (7)
   (You found it on level 7 of the Dungeon)
 Y - a wand of polymorph (5)
   (You found it on level 8 of the Dungeon)
Scrolls
 k - 3 scrolls of fog
 l - 3 scrolls of noise {!r}
 m - 8 scrolls of teleportation {@r4}
 n - 2 scrolls of summoning
 o - a scroll of blinking {!r}
 q - 2 scrolls of enchant armour
 t - 3 scrolls of brand weapon
 x - a scroll of poison {unknown}
 y - a scroll of immolation {unknown}
 B - 2 scrolls of fear {unknown}
 E - 2 scrolls of silence {unknown}
 K - a scroll of amnesia {unknown}
 L - 2 scrolls of vulnerability {unknown}
 X - a scroll of magic mapping {unknown}
Potions
 d - 7 potions of curing {@q1}
 e - a potion of ambrosia {unknown}
 f - a potion of resistance {unknown}
 j - a potion of cancellation {unknown}
 p - 3 potions of attraction {unknown}
 r - 3 potions of magic {unknown}
 s - 3 potions of flight {unknown}
 w - 2 potions of berserk rage {unknown}
 A - 2 potions of mutation {unknown}
 J - 3 potions of haste {unknown}
 P - a potion of heal wounds {unknown}
 V - a potion of might {unknown}

Dungeon Overview and Level Annotations

Branches:
Dungeon (9/15)             Temple (0/1) D:5
   Lair: D:8-11         Orc: D:9-12

Altars:
Ashenzari
Cheibriados
Dithmenos
Elyvilon
Kikubaaqudgha
Okawaru
Ru

Annotations:
D:1 2 transporters
D:3 3 runed translucent doors, Strat's ghost, amateur DsMo

## .. .# ### #.#
#.. ..##
#.####...####
#...♣yy./....
...####.####K..####
#.........##.##
#..###.##.##.##
#..##.†........
#......<#.##...
##.##..†..# ##. #
##.#..# .. #.#..#


You could see 2 meliai and a kobold.


Message History

You regained 3 hp, and now have 78/144 hp.
You see here a yak corpse. 😮 HP[+4]
You regained 4 hp, and now have 82/144 hp.
You start resting.
You feel a strong urge to attack something.
You are no longer berserk.
You are exhausted.
You feel yourself slow down. 😮 HP[-25]
You now have 96 max hp (-48).
Unknown command.
You see here a yak corpse.
You now have 396 gold pieces (gained 12). 3 meliai and a kobold come into view.
The meliai buzzes angrily. 😎 HP[+39]
Your hp is fully restored (96).
There are monsters nearby!
There are monsters nearby!
There are monsters nearby!
There are monsters nearby!
You reach to attack!
The kobold shouts!
You puncture the meliai!
You hear a shout! x5
The meliai invokes the aid of its god against you.
Something smites you! 😕 HP[-7]
You take 7 damage, and now have 89/96 hp.
You are too injured to fight recklessly!
You are too injured to fight recklessly!
You are too injured to fight recklessly!
You are too injured to fight recklessly!
You are too injured to fight recklessly!
You are too injured to fight recklessly!
You are too injured to fight recklessly!
You are too injured to fight recklessly!
You are too injured to fight recklessly!
You are too injured to fight recklessly!
You are too injured to fight recklessly!
You are too injured to fight recklessly!
You are too injured to fight recklessly!
You are too injured to fight recklessly!
You are too injured to fight recklessly!
You are too injured to fight recklessly!
Unknown command.
The meliai completely misses you. The meliai closely misses you.
The meliai misses you. The meliai completely misses you.
You hit the meliai but do no damage. The meliai misses you.
The meliai stings you. The meliai hits you with a +0 war axe!
The meliai stings you but does no damage.
The meliai misses you. The meliai stings you. 😕 HP[-16]
You take 16 damage, and now have 73/96 hp.
You hit the meliai. Lightning courses through the meliai!
You kill the meliai!
Trog accepts your kill. The meliai closely misses you. The meliai stings you.
The meliai hits you with a +0 war axe! The meliai stings you!
You are poisoned.
The meliai poisons you! 😮 HP[-24]
You take 24 damage, and now have 49/96 hp.
MASSIVE DAMAGE!! (PAUSE)
Your skin crawls.
You feel strong-willed.
You feel extremely sick. The meliai hits you with a +0 war axe!
* * * LOW HITPOINT WARNING * * *
The meliai stings you but does no damage.
The meliai hits you with a +0 war axe.
* * * LOW HITPOINT WARNING * * *
The meliai stings you.
* * * LOW HITPOINT WARNING * * *
The meliai mumbles some strange prayers to its god against you.
Something smites you!
* * * LOW HITPOINT WARNING * * *
You hear a shout! 😱 HP[-32]
You take 32 damage, and now have 17/96 hp.
MASSIVE DAMAGE!! (PAUSE) Unknown command.
Unknown command.
Unknown command.
It was a potion of lignification.
You turn into a tree.
Your +0 cloak melds into your body.
Your +2 robe of willpower melds into your body.
You feel less strong-willed.
Your roots penetrate the ground.
You feel very sick.
You hear a shout!
You hear an angry hiss.
The meliai hits you with a +0 war axe.
* * * LOW HITPOINT WARNING * * *
The meliai stings you but does no damage.
The meliai mumbles some strange prayers to its god against you.
Something smites you!
* * * LOW HITPOINT WARNING * * *
The meliai mumbles some strange prayers to its god against you.
Something smites you!
You die...

Skill      XL: |  1  2  3  4  5  6  7  8  9 10 |
---------------+-------------------------------+-----
Fighting       | 4 5 7 8 9 12 14 15 | 15.0
Polearms       | 4 |  4.8
Axes           | |  2.6
Armour         | |  1.7
Dodging        | |  1.7

Action                   |  1- 3 |  4- 6 |  7- 9 | 10-12 || total
-------------------------+-------+-------+-------+-------++-------
Melee: Hand axe          |    33 |       |       |       ||    33
       Dagger            |    57 |   107 |   227 |       ||   391
       Punch             |     1 |     2 |     2 |     1 ||     6
       Quarterstaff      |       |       |   160 |     4 ||   164
       Spear             |       |       |       |    37 ||    37
       Touch             |       |       |       |     5 ||     5
Invok: Berserk           |       |     2 |    14 |     2 ||    18
       Trog's Hand       |       |       |       |     1 ||     1
  Use: Scroll            |       |       |     9 |     1 ||    10
       Potion            |       |       |       |     1 ||     1
 Stab: Sleeping          |     3 |       |     3 |     1 ||     7
       Confused          |       |       |     2 |       ||     2
Armor: Animal skin       |    21 |    28 |    43 |       ||    92
       Robe              |       |       |    49 |    11 ||    60
       Skin              |       |       |       |     1 ||     1
Dodge: Dodged            |    51 |    59 |   302 |    52 ||   464

Levels and vault maps discovered:
D:1:      spicycebolla_arrival_transporter_tutorial, layout_basic,
          dreamdust_ecumenical_altar_grove
D:2:      layout_loops_ring, kennysheep_generic_room_6
D:3:      layout_rooms, nicolae_ru_awakened_eye,
          mainiacjoe_overflow_cross_hatched, nicolae_overflow_squiral,
          gammafunk_ghost_necromancy
D:4:      minmay_octagon_keep, layout_loops_ring, mainiacjoe_overflow_catwalk,
          st_stairs_3, uniq_grinder, uniq_blork_the_orc
D:5:      layout_basic, minmay_temple_entry_drinking_statues, uniq_duvessa,
          uniq_crazy_yiuf_cottage
D:6:      layout_rooms, dk_vineyard_2, uniq_prince_ribbit1, uniq_sigmund
D:7:      layout_basic, nicolae_dithmenos_shadow_blocks, kiku_gazebo_pond_becter
D:8:      layout_basic
D:9:      layout_loops_ring, dk_yredelemnul_ordeal, david_lair_shrubbed,
          orc_0_dummy, st_stairs_7

Notes
Turn   | Place    | Note
-------+----------+-------------------------------------------
     0 | D:1      | spaghetti the Demonspawn Berserker began the quest for the
                  | Orb.
     0 | D:1      | Reached XP level 1. HP: 18/18 MP: 1/1
     0 | D:1      | magus.rc [v1.9.6]
   153 | D:1      | Found a faded altar of an unknown god.
   274 | D:1      | Gained mutation: You are partially covered in icy blue
                  | scales. (AC +2) [demonic ancestry]
   274 | D:1      | Reached XP level 2. HP: 23/24 MP: 2/2
   536 | D:1      | Reached skill level 4 in Fighting
   682 | D:1      | Reached XP level 3. HP: 24/30 MP: 3/3
  1710 | D:2      | You pick up a book of Debilitation {forbidden} and begin
                  | reading...
  1710 | D:2      | You add the spells Slow, Vampiric Draining and Confusing
                  | Touch to your library.
  2107 | D:2      | Gained mutation: You are mostly covered in icy blue scales.
                  | (AC +3) [demonic ancestry]
  2107 | D:2      | Reached XP level 4. HP: 38/38 MP: 4/4
  2112 | D:2      | Reached skill level 5 in Fighting
  2378 | D:3      | You pick up a book of Frost {forbidden} and begin
                  | reading...
  2378 | D:3      | You add the spells Freeze, Frozen Ramparts and Hailstorm to
                  | your library.
  2454 | D:3      | Reached ** piety under Trog
  2502 | D:3      | Found a sacrificial altar of Ru.
  2582 | D:3      | Found a runed translucent gate.
  2582 | D:3      | Found a runed translucent gate.
  2582 | D:3      | Found a runed translucent gate.
  2582 | D:3      | Noticed Strat's ghost (amateur DsMo)
  2672 | D:3      | Found a snail-covered altar of Cheibriados.
  2674 | D:3      | Found an iron altar of Okawaru.
  2733 | D:3      | Noticed a scorpion
  2741 | D:3      | Killed a scorpion
  2742 | D:3      | Gained mutation: You may rarely emit foul miasma when
                  | damaged in melee. [demonic ancestry]
  2742 | D:3      | Reached XP level 5. HP: 25/46 MP: 5/5
  3170 | D:4      | Reached skill level 6 in Fighting
  3255 | D:4      | Found a broken altar of Ashenzari.
  3258 | D:4      | Noticed a centaur
  3269 | D:4      | Killed a centaur
  3270 | D:4      | Reached skill level 7 in Fighting
  3270 | D:4      | Reached XP level 6. HP: 55/55 MP: 6/6
  3426 | D:4      | Noticed Grinder
  3437 | D:4      | Paralysed by Grinder for 3 turns
  3448 | D:4      | Killed Grinder
  3449 | D:4      | Reached skill level 8 in Fighting
  3764 | D:4      | Reached XP level 7. HP: 61/62 MP: 7/7
  4047 | D:4      | Noticed Blork the orc
  4057 | D:4      | Killed Blork the orc
  4446 | D:5      | Entered Level 5 of the Dungeon
  4464 | D:5      | You pick up a book of Conjurations {forbidden@e2} and begin
                  | reading...
  4464 | D:5      | You add the spells Magic Dart, Searing Ray and Fulminant
                  | Prism to your library.
  4648 | D:5      | Reached skill level 9 in Fighting
  4660 | D:5      | Identified the +2 dagger of Pyromania {freeze, Str+8}
  4770 | D:5      | HP: 13/64 [white imp (5)]
  4775 | D:5      | HP: 9/96 [white imp/puff of frost (7)]
  4776 | D:5      | HP: 3/96 [white imp/puff of frost (6)]
  5086 | D:5      | You pick up a book of Flames {forbidden} and begin
                  | reading...
  5086 | D:5      | You add the spells Foxfire, Conjure Flame, Inner Flame and
                  | Flame Wave to your library.
  5165 | D:5      | Found a staircase to the Ecumenical Temple.
  5223 | D:5      | You pick up a book of Storms {forbidden} and begin
                  | reading...
  5223 | D:5      | You add the spells Airstrike, Summon Lightning Spire and
                  | Lightning Bolt to your library.
  5228 | D:5      | Identified the ring "Ovuuphiod" {Fly EV+4 Int-3 Slay+2}
  5591 | D:5      | Noticed Duvessa
  5591 | D:5      | Noticed Dowan
  5607 | D:5      | Killed Duvessa
  5608 | D:5      | Reached XP level 8. HP: 72/72 MP: 8/8
  5624 | D:5      | Killed Dowan
  5625 | D:5      | Reached skill level 10 in Fighting
  6354 | D:5      | Found a runed translucent door.
  6355 | D:5      | Noticed Crazy Yiuf
  6543 | D:5      | Killed Crazy Yiuf
  6713 | D:6      | Reached skill level 11 in Fighting
  6743 | D:6      | You add the spells Tukima's Dance, Passage of Golubria and
                  | Yara's Violent Unravelling to your library.
  6860 | D:6      | Noticed Prince Ribbit
  6870 | D:6      | Killed Prince Ribbit
  6875 | D:6      | Identified the +7 falchion "Zegeitos" {pain, rElec rF+ rC-
                  | Will+}
  6988 | D:6      | Noticed Sigmund
  6996 | D:6      | Killed Sigmund
  6997 | D:6      | Reached skill level 12 in Fighting
  6997 | D:6      | Gained mutation: You regenerate a little health from kills.
                  | [demonic ancestry]
  6997 | D:6      | Reached XP level 9. HP: 82/82 MP: 9/9
  7390 | D:7      | Found an ancient bone altar of Kikubaaqudgha.
  7397 | D:7      | Reached *** piety under Trog
  7458 | D:7      | Found a shadowy altar of Dithmenos.
  7489 | D:7      | You pick up a book of Air {forbidden} and begin reading...
  7489 | D:7      | You add the spells Shock and Swiftness to your library.
  7654 | D:7      | You pick up a book of Callings {forbidden} and begin
                  | reading...
  7654 | D:7      | You add the spells Summon Small Mammal, Call Canine
                  | Familiar and Summon Guardian Golem to your library.
  7721 | D:7      | Reached skill level 13 in Fighting
  8308 | D:8      | Reached skill level 14 in Fighting
  8325 | D:8      | HP: 30/124 [something (16)]
  8326 | D:8      | HP: 11/124 [something (10)]
  8327 | D:8      | HP: 5/124 [something (2)]
  8715 | D:8      | Killed an unseen horror
  8911 | D:8      | Noticed a two-headed ogre
  8918 | D:8      | Killed a two-headed ogre
  8919 | D:8      | Gained mutation: Your touch may inflict minor irresistible
                  | damage on your foes. [demonic ancestry]
  8919 | D:8      | Reached XP level 10. HP: 95/95 MP: 10/10
  9095 | D:8      | Reached skill level 15 in Fighting
  9098 | D:8      | Identified the +9 spear "Trog's Hatred" {elec, Drain rN+
                  | Dex+7}
  9438 | D:8      | Reached skill level 1 in Polearms
  9736 | D:9      | Reached skill level 2 in Polearms
  9746 | D:9      | Reached skill level 3 in Polearms
  9752 | D:9      | Reached skill level 4 in Polearms
  9779 | D:9      | HP: 17/96 [meliai/divine providence (12)]
  9780 | D:9      | HP: 5/144 [meliai/divine providence (11)]
  9780 | D:9      | Killed from afar by a meliai

Vanquished Creatures
  A two-headed ogre (D:8)
  An unseen horror (D:8)
  A meliai (shapeshifter) (D:8)
  Prince Ribbit (D:6)
  Grinder (D:4)
  A meliai (D:9)
  Sigmund (D:6)
  6 yaks (D:9)
  A steam dragon (D:6)
  Duvessa (D:5)
  A water moccasin (D:7)
  2 orc warriors
  A black bear (D:5)
  An ice beast (D:7)
  2 sky beasts
  A centaur (D:4)
  2 kobold brigands
  3 bullfrogs (D:7)
  Blork the orc (D:4)
  A necrophage (D:7)
  3 scorpions
  10 wights (D:7)
  Dowan (D:5)
  8 killer bees
  A howler monkey (D:5)
  An orc priest (D:8)
  Crazy Yiuf (D:5)
  3 jellies
  6 orc wizards
  5 iguanas
  10 adders
  5 gnolls
  2 shadow imps
  2 white imps
  2 ufetubi
  5 dart slugs
  27 orcs
  3 bats
  8 endoplasms
  2 giant cockroaches
  8 goblins
  7 hobgoblins
  3 jackals (D:2)
  11 kobolds
  3 quokkas
  5 ball pythons
  2 frilled lizards (D:2)
  5 rats
179 creatures vanquished.

Table legend:
 A = Non-vault XP
 B = Vault XP
 C = Vault XP percentage of total XP
 D = Non-vault monster count
 E = Vault monster count
 F = Vault count percentage of total count
                 A         B        C        D         E       F
            +---------+---------+-------+---------+---------+-------
      Total |    7233 |    1252 |  14.8 |     161 |      18 |  10.1
            +---------+---------+-------+---------+---------+-------
        D:1 |      50 |       0 |   0.0 |      17 |       0 |   0.0
        D:2 |      37 |      15 |  28.8 |      15 |       2 |  11.8
        D:3 |     119 |       0 |   0.0 |      14 |       0 |   0.0
        D:4 |     261 |     450 |  63.3 |      11 |      11 |  50.0
        D:5 |     642 |     265 |  29.2 |      32 |       3 |   8.6
        D:6 |     536 |     522 |  49.3 |      15 |       2 |  11.8
        D:7 |    1814 |       0 |   0.0 |      31 |       0 |   0.0
        D:8 |    2266 |       0 |   0.0 |      19 |       0 |   0.0
        D:9 |    1508 |       0 |   0.0 |       7 |       0 |   0.0
            +---------+---------+-------+---------+---------+-------

Illustrated notes

Table legend:
 A = Kills in this place as a percentage of kills in entire the game.
 B = Kills by you in this place as a percentage of kills by you in the entire game.
 C = Kills by friends in this place as a percentage of kills by friends in the entire game.
 D = Other kills in this place as a percentage of other kills in the entire game.
 E = Experience gained in this place as a percentage of experience gained in the entire game.
 F = Experience gained in this place divided by the number of levels of this place that you have seen.
                   A       B       C       D       E      F
               +-------+-------+-------+-------+-------+----------------------
         Total | 100.0 | 100.0 |   N/A |   N/A | 100.0 | 942.8
       Dungeon | 100.0 | 100.0 |   N/A |   N/A | 100.0 | 942.8
               +-------+-------+-------+-------+-------+----------------------

Table legend: (Time is in decaauts)
 A = Elapsed time spent in this place.
 B = Non-inter-level travel time spent in this place.
 C = Inter-level travel time spent in this place.
 D = Time resting spent in this place.
 E = Time spent auto-exploring this place.
 F = Levels seen in this place.
 G = Mean time per level.
                   A        B        C        D        E       F      G
               +--------+--------+--------+--------+--------+-----+--------+
         Total |   9996 |   9823 |    173 |    128 |   8400 |   9 | 1110.7 |
       Dungeon |   9996 |   9823 |    173 |    128 |   8400 |   9 | 1110.7 |
               +--------+--------+--------+--------+--------+-----+--------+

Top non-repeatable levels by time:
     D:5: 2217 daAuts
     D:8: 1492 daAuts
     D:4: 1362 daAuts
     D:1: 1312 daAuts
     D:7: 1233 daAuts
     D:3: 980 daAuts
     D:2: 833 daAuts
     D:6: 511 daAuts
     D:9: 51 daAuts
